 Dungeon Crawl Stone Soup version 0.30.0-29-ga12c61a403 (webtiles) character file.

Game seed: 6853313711620854757

792 Peloso the Slasher (level 7, -1/62 HPs)
             Began as a Minotaur Fighter on June 22, 2023.
             Was an Initiate of Okawaru.
             Slain by a two-headed ogre
             ... wielding a +0 giant club
              (16 damage)
             ... on level 8 of the Dungeon.
             The game lasted 00:08:48 (5016 turns).

Peloso the Slasher (Minotaur Fighter)               Turns: 5016, Time: 00:08:48

Health: -1/62      AC: 11    Str: 20    XL:     7   Next: 57%
Magic:  6/6        EV: 13    Int:  5    God:    Okawaru [......]
Gold:   233        SH:  5    Dex: 12    Spells: 6/6 levels left

rFire   . . .        a - +1 long sword
rCold   . . .        d - +0 buckler
rNeg    . . .        u - +1 chain mail
rPois   .            (helmet restricted)
rElec   .            (no cloak)
rCorr   .            (no gloves)
SInv    .            (no boots)
Will    .....        (no amulet) Stlth
                     h - +5 ring of evasion
HPRegen 0.30/turn    w - ring of flight
MPRegen 0.10/turn

%: no passive effects
@: mighty, weak-willed, flying
A: horns 2, retaliatory headbutt
a: Renounce Religion


You were on level 8 of the Dungeon.
You worshipped Okawaru.
Okawaru was noncommittal.
You visited 2 branches of the dungeon, and saw 7 of its levels.

You collected 233 gold pieces.

Inventory:

Hand Weapons
 a - a +1 long sword (weapon)
Missiles
 o - 2 throwing nets (quivered)
Armour
 b - a +0 scale mail
 d - a +0 buckler (worn)
 u - a +1 chain mail (worn)
Jewellery
 c - a ring of fire
 h - a +5 ring of evasion (left hand)
 w - a ring of flight (right hand)
Wands
 p - a wand of digging (7)
Scrolls
 e - a scroll of fear
 g - 6 scrolls of teleportation
 i - a scroll of noise
 j - a scroll of immolation
 k - a scroll of silence
 m - a scroll of fog
 n - 2 scrolls of enchant armour
 q - 2 scrolls of butterflies
 t - 2 scrolls of enchant weapon
 x - 2 scrolls of magic mapping
Potions
 f - a potion of might
 r - a potion of curing
 v - 3 potions of brilliance {unknown}


   Skills:
 + Level 5.8 Fighting
 + Level 6.4 Long Blades
 + Level 6.3 Armour
 + Level 1.5 Dodging
 + Level 1.3 Stealth
 + Level 4.8 Shields


You had 6 spell levels left.
You didn't know any spells.
Your spell library contained the following spells:

 Spells                   Type           Power      Damage    Failure   Level
 Foxfire                  Conj/Fire      0%         2x1d4     99%         1
 Ozocubu's Armour         Ice            0%         N/A       100%        3
 Fireball                 Conj/Fire      0%         3d3       100%        5
 Metabolic Englaciation   Hex/Ice        0%         N/A       100%        5
 Plasma Beam              Fire/Air       0%         2x1d11    100%        6
 Starburst                Conj/Fire      0%         6d3       100%        6
 Summon Small Mammal      Summ           Unusable   N/A       N/A         1
 Call Canine Familiar     Summ           Unusable   N/A       N/A         3
 Summon Guardian Golem    Hex/Summ       Unusable   N/A       N/A         3
 Simulacrum               Ice/Necr       Unusable   N/A       N/A         6

Dungeon Overview and Level Annotations

Branches:
Dungeon (5/15)             Temple (1/1) D:5            Lair (0/5) D:8

Altars:
Ashenzari
Cheibriados
Dithmenos
Elyvilon
Gozag
Hepliaklqana
Kikubaaqudgha
Makhleb
Nemelex Xobeh
Okawaru
Sif Muna
Zin


Innate Abilities, Weirdness & Mutations

You have a pair of horns on your head.
You reflexively headbutt those who attack you in melee.


Message History

The white imp shouts!
The white imp gestures at you. The puff of frost hits you.
You barely miss the white imp. The white imp misses you.
The white imp hits you. The white imp freezes you.
You hit the white imp. You headbutt the white imp!
The white imp is almost dead.
The white imp gestures at you.
The puff of frost hits you but does no damage.
You slash the white imp!
You kill the white imp!
Okawaru accepts your kill.
Found a stone staircase leading up.
A sourceless malevolence fills the Dungeon...
You are sucked into a shaft and drop 3 floors!
The shaft crumbles and collapses.
You hear the roar of battle.
There is an entrance to a bailey on this level.
Hurry and find it before the portal closes forever!
As you read the scroll labelled UKUVYUCEGE, it crumbles to dust.
Your body is wracked with pain!
It was a scroll of torment.
As you read the scroll labelled IPAERU XUDAOMPEI, it crumbles to dust.
Magic quickly surges around you.
It was a scroll of vulnerability.
As you read the scroll labelled XAIKIH UTEESO, it crumbles to dust.
It is a scroll of enchant weapon.
Your +0 long sword glows red for a moment.
As you read the scroll labelled NYZUMARCHEJ, it crumbles to dust.
You feel aware of your surroundings.
You sensed 3 altars, and 1 shop/portal.
It was a scroll of magic mapping.
A two-headed ogre comes into view. It is wielding two +0 giant clubs.
The two-headed ogre shouts in stereo!
You hear a shout! x2
A goblin comes into view. It is wielding a +0 spear.
A goblin comes into view. It is wielding a +0 spear. x2
You feel very mighty all of a sudden.
An orc comes into view. It is wielding a +0 whip.
You hit the two-headed ogre.
The two-headed ogre is lightly wounded.
The two-headed ogre hits you with a +0 giant club!!
* * * LOW HITPOINT WARNING * * *
The two-headed ogre hits you with a +0 giant club!
You die...

*,**,*,,***,,,,,,,
##..#.#.,**,,,,^,,,
##.......,***,,,,,,,
*##......#*,#**,,*,,,,
####.......#**.#*,,**,,,,
##...##.....##...,,,*,,,,,
#...............,,,,,,,*,,
*#..........##.≈≈~~~,,,,,,
#.......@..g..≈g,,~,,,,*,
#.......O.##.g~.∩,~,,,,*,
**#.............~.>,~,*,,*,
****,#.............≈~~~~,,,,*,
**,,,..##.#....##.....,,,,,,,*,
*,,,......####........,,,,*,,*,
**,,.....### *.......o.,,***,,*,
*,,,.##..*****#####....,**,*,,,,
**,,..,..,,,,*,***,,,,*,,,,,*,,,*


You could see a two-headed ogre, an orc and 3 goblins.

Vanquished Creatures
  Sigmund (D:3)
  2 centaurs (D:5)
  2 hounds
  An orc priest (D:3)
  A jelly (D:4)
  2 iguanas
  A gnoll bouda (D:1)
  A sleepcap (D:4)
  11 gnolls
  6 adders
  A white imp (D:5)
  3 worms (D:2)
  2 dart slugs
  5 orcs
  5 ball pythons
  3 endoplasms
  2 giant cockroaches
  8 goblins
  A hobgoblin (D:4)
  4 jackals (D:1)
  4 quokkas
  6 bats
  3 frilled lizards
  5 kobolds
  6 rats
86 creatures vanquished.

Notes
Turn   | Place    | Note
-------+----------+-------------------------------------------
     0 | D:1      | Peloso the Minotaur Fighter began the quest for the Orb.
     0 | D:1      | Reached XP level 1. HP: 19/19 MP: 0/0
   189 | D:1      | Reached XP level 2. HP: 27/27 MP: 1/1
   646 | D:2      | Found a faded altar of an unknown god.
   734 | D:2      | Identified the +2 sling "Oklatina" {heavy, rF+ rC- MP+9
                  | Str+8}
   867 | D:2      | Reached XP level 3. HP: 33/33 MP: 2/2
  1019 | D:1      | Reached XP level 4. HP: 27/40 MP: 3/3
  2319 | D:3      | Reached skill level 1 in Stealth
  2325 | D:3      | Reached XP level 5. HP: 19/47 MP: 4/4
  2492 | D:3      | Reached skill level 5 in Armour
  2621 | D:3      | Reached skill level 1 in Dodging
  2624 | D:3      | Noticed Sigmund
  2630 | D:3      | Killed Sigmund
  2631 | D:3      | Reached XP level 6. HP: 48/53 MP: 5/5
  3484 | D:4      | Reached skill level 5 in Long Blades
  3990 | D:4      | Reached XP level 7. HP: 60/60 MP: 6/6
  4087 | D:4      | Reached skill level 5 in Fighting
  4393 | D:5      | Entered Level 5 of the Dungeon
  4406 | D:5      | Found a staircase to the Ecumenical Temple.
  4444 | Temple   | Entered the Ecumenical Temple
  4574 | Temple   | Became a worshipper of Warmaster Okawaru
  4962 | D:5      | Found a burning altar of Makhleb.
  4964 | D:5      | Found a snail-covered altar of Cheibriados.
  5000 | D:5      | You are sucked into a shaft and drop 3 floors!
  5012 | D:8      | Noticed a two-headed ogre
  5016 | D:8      | Slain by a two-headed ogre

Illustrated notes

Levels and vault maps discovered:
D:1:      kennysheep_arrival_forest, layout_basic, hex_medium
D:2:      layout_basic, nicolae_ecumenical_oubliette
D:3:      layout_basic, uniq_sigmund
D:4:      minmay_general_purpose_star, layout_loops_ring
D:5:      layout_loops_ring, nicolae_overflow_hidden_temple,
          minmay_temple_entry_grid, chequers_hall_statues_wall_a
D:8:      layout_cave_pools, kennysheep_mini, mainiacjoe_overflow_cross_hatched,
          trog_three_pillars_becter, lair_entry_dummy, enter_bailey_5
Temple:   nicolae_temple_slightly_damp_pantheon

Skill      XL: |  1  2  3  4  5  6  7 |
---------------+----------------------+-----
Fighting       | 4 5 |  5.8
Shields        | 4 |  4.8
Long Blades    | 3 4 5 6 |  6.4
Armour         | 4 5 6 |  6.3
Stealth        | 1 |  1.3
Dodging        | 1 |  1.5

Action                     |  1- 3 |  4- 6 |  7- 9 || total
---------------------------+-------+-------+-------++-------
  Melee: Long sword        |    61 |   116 |    36 ||   213
         Headbutt          |    14 |    20 |    11 ||    45
    Use: Potion            |     2 |     1 |     1 ||     4
         Scroll            |     1 |     7 |     6 ||    14
 Armour: Scale mail        |    25 |    21 |       ||    46
         Chain mail        |       |     2 |    17 ||    19
  Dodge: Dodged            |    59 |    72 |    29 ||   160
  Block: Buckler           |    22 |    18 |    11 ||    51
